 Dungeon Crawl Stone Soup version 0.31-a0-466-g98c9adc2b6 (webtiles) character file.

Game seed: 556417458676154802

59 MisterAzrael the Magician (level 4, -3/31 HPs)
             Began as a Djinni Fire Elementalist on Aug 5, 2023.
             Slain by an orc
             ... wielding a +0 mace
              (6 damage)
             ... on level 3 of the Dungeon.
             The game lasted 00:03:58 (2053 turns).

MisterAzrael the Magician (DjFE)                    Turns: 2053, Time: 00:03:58

Health: -3/31      AC:  2    Str:  7    XL:     4   Next: 22%
Gold:   116        EV: 13    Int: 19    God:
                   SH:  5    Dex: 13

rFire   + + .        b - +2 dagger (speed)
rCold   x . .        (no shield)
rNeg    . . .        a - +0 robe
rPois   ∞            (no helmet)
rElec   .            (no cloak)
rCorr   .            (no gloves)
SInv    .            (boots unavailable)
Will    .....        i - amulet of reflection
Stlth   ++           (no ring)
HPRegen 0.25/turn    (no ring)
MPRegen 0.00/turn

%: reflection, infuse magic (-4 HP)
@: mighty, flying
A: sickness immunity, fire resistance 2, cold vulnerability 1, float, innate
caster, HP casting, extra vitality 1
a: no special abilities


You were on level 3 of the Dungeon.
You visited 1 branch of the dungeon, and saw 3 of its levels.

You collected 116 gold pieces.

Inventory:

Hand Weapons
 b - a +2 dagger of speed (weapon)
Armour
 a - a +0 robe (worn)
Jewellery
 i - an amulet of reflection (around neck)
Scrolls
 d - a scroll of fog {unknown}
 e - a scroll of poison {unknown}
 f - a scroll of blinking {unknown}
Potions
 c - a potion of heal wounds {unknown}
 g - 2 potions of curing {unknown}
 h - a potion of might
 j - a potion of invisibility {unknown}


   Skills:
 + Level 3.2 Dodging
 - Level 2.0 Stealth
 * Level 3.5 Spellcasting
 * Level 3.5 Conjurations
 * Level 3.5 Hexes
   Level 0.0 Charms
 * Level 3.5 Summonings
 * Level 3.5 Necromancy
 * Level 3.5 Translocations
 * Level 3.5 Transmutations
 * Level 3.5 Fire Magic
 * Level 3.5 Ice Magic
 * Level 3.5 Air Magic
 * Level 3.5 Earth Magic
 * Level 3.5 Poison Magic


You knew the following spells:

 Your Spells              Type           Power      Damage    Failure   Level
a - Foxfire               Conj/Fire      64%        2x1d7     3%          1
b - Scorch                Fire           32%        2d6       5%          2
c - Volatile Blastmotes   Fire/Tloc      32%        2d12      11%         3
d - Inner Flame           Hex/Fire       16%        N/A       11%         3
e - Flame Wave            Conj/Fire      16%        2d7       34%         4
f - Sting                 Tmut/Pois      64%        1d6       3%          1
Your spell library was empty.

Dungeon Overview and Level Annotations

Branches:
Dungeon (3/15)

Altars:


Innate Abilities, Weirdness & Mutations

You are immune to sickness and miasma.
You are immune to poison.
Your flesh is very heat resistant. (rF++)
You are vulnerable to cold. (rC-)
You float through the air rather than walking.
You learn spells naturally, not from books.
Your magical power is your life essence.
You have superior vitality. (+4 MHP)


Message History

The spell is quite dangerous to miscast (11% risk of failure)!
Continue anyway?
Aiming: Inner Flame (quite dangerous; 11% risk of failure)
Press: ? - help, Dir - move target, f - orc
Aim: an orc, wielding a +0 hand axe (chance to affect: 84%)
Okay, then.
Unknown command.
It was a potion of might.
You feel very mighty all of a sudden.
An orc comes into view. It is wielding a +0 short sword.
The orc barely misses you.
You puncture the orc!
You kill the orc!
Found a stone staircase leading up.
The frilled lizard completely misses you.
You miss the frilled lizard. The frilled lizard bites you.
You barely miss the frilled lizard. You closely miss the orc.
The frilled lizard barely misses you. The orc misses you.
A rat comes into view.
You completely miss the orc.
The frilled lizard bites you but does no damage.
The orc hits you with a +0 mace!
* * * LOW HITPOINT WARNING * * *
Okay, then.
Casting: Inner Flame (quite dangerous; 11% risk of failure)
Confirm with . or Enter, or press ? or * to list all spells.
The spell is extremely dangerous to miscast (34% risk of failure)!
Continue anyway?
Casting: Flame Wave (extremely dangerous; 34% risk of failure)
Press: ? - help, Dir - look around, f - activate A wave of flame ripples out!
The flame wave engulfs the orc.
The orc is severely wounded.
The flame wave engulfs the frilled lizard!
You kill the frilled lizard!
The flame wave engulfs the orc!
You kill the orc! (Press . to intensify the flame waves.)
* * * LOW HITPOINT WARNING * * *
You hear a shout! x3
The orc hits you with a +0 mace.
You die...

#####
##.)<##
#.@o°)#
#..=○○§.#
#...§§o.#
#...○.○.r..
##....o#...
..$........
#...........
#.<.......


You could see 3 orcs and a rat.

Vanquished Creatures
  An adder (D:2)
  A worm (D:2)
  A dart slug (D:1)
  3 orcs (D:3)
  6 endoplasms
  2 giant cockroaches
  5 goblins
  4 hobgoblins
  4 ball pythons
  3 bats (D:1)
  3 frilled lizards
  4 kobolds
  6 rats
43 creatures vanquished.

Vanquished Creatures (others)
  108 foxfires
108 creatures vanquished.

Grand Total: 151 creatures vanquished

Notes
Turn   | Place    | Note
-------+----------+-------------------------------------------
     0 | D:1      | MisterAzrael the Djinni Fire Elementalist began the quest
                  | for the Orb.
     0 | D:1      | MisterAzrael set off with the following spells memorised:
                  | Foxfire, Scorch, Volatile Blastmotes, Inner Flame, Flame
                  | Wave.
     0 | D:1      | Reached XP level 1. HP: 15/15 MP: 0/0
   189 | D:1      | Reached XP level 2. HP: 16/21 MP: 0/0
   488 | D:1      | Reached XP level 3. HP: 24/25 MP: 0/0
   488 | D:1      | Learned a level 1 spell: Sting
  1709 | D:2      | Reached XP level 4. HP: 23/31 MP: 0/0
  2053 | D:3      | Slain by an orc

Illustrated notes

Levels and vault maps discovered:
D:1:      dpeg_arrival_refuge, layout_basic, dk_noncrumbling_4
D:2:      layout_basic
D:3:      layout_rooms, amethyst_overflow_temple_binary, minivault_27

Skill      XL: |  1  2  3 |
---------------+----------+-----
Spellcasting   | |  3.5
Conjurations   | |  3.5
Hexes          | |  3.5
Summonings     | |  3.5
Necromancy     | |  3.5
Translocations | |  3.5
Transmutations | |  3.5
Fire Magic     | |  3.5
Ice Magic      | |  3.5
Air Magic      | |  3.5
Earth Magic    | |  3.5
Poison Magic   | |  3.5
Stealth        | 2 |  2.0
Dodging        | 3 |  3.2

Action                     |  1- 3 |  4- 6 || total
---------------------------+-------+-------++-------
  Melee: Unarmed           |     1 |       ||     1
         Dagger            |       |     5 ||     5
   Cast: Foxfire           |    62 |     5 ||    67
         Scorch            |     7 |     1 ||     8
         Inner Flame       |    10 |     4 ||    14
         Sting             |     3 |       ||     3
         Flame Wave        |       |     1 ||     1
    Use: Potion            |       |     1 ||     1
 Armour: Robe              |     2 |     1 ||     3
  Dodge: Dodged            |     7 |     4 ||    11

Table legend: (Time is in decaauts)
 A = Elapsed time spent in this place.
 B = Non-inter-level travel time spent in this place.
 C = Inter-level travel time spent in this place.
 D = Time resting spent in this place.
 E = Time spent auto-exploring this place.
 F = Levels seen in this place.
 G = Mean time per level.
                   A        B        C        D        E       F      G
               +--------+--------+--------+--------+--------+-----+--------+
         Total |   2053 |   1994 |     59 |    346 |   1362 |   3 |  684.3 |
       Dungeon |   2053 |   1994 |     59 |    346 |   1362 |   3 |  684.3 |
               +--------+--------+--------+--------+--------+-----+--------+

Top non-repeatable levels by time:
     D:1: 1417 daAuts
     D:2: 621 daAuts
     D:3: 13 daAuts
